 Dungeon Crawl Stone Soup version 0.29.0-11-gd7f09526c8 (webtiles) character file.

Game seed: 5503570341738240147

73 Persephone the Shooter (level 4, -3/21 (26) HPs)
             Began as a Deep Elf Hunter on Sept 3, 2022.
             Slain by Edmund
             ... wielding a +0 flail of draining
              (5 damage)
             ... on level 4 of the Dungeon.
             The game lasted 00:03:57 (2053 turns).

Persephone the Shooter (Deep Elf Hunter)            Turns: 2053, Time: 00:03:58

HP:   -3/21 (26)    AC:  6    Str: 12    XL:     4   Next: 8%
MP:   6/6           EV: 13    Int: 14    God:
Gold: 172           SH:  0    Dex: 20    Spells: 3/3 levels left

rFire   + + .      SeeInvis .   a - +0 shortbow
rCold   . . .      Faith    .   (shield currently unavailable)
rNeg    . . .      Spirit   .   n - +1 leather armour of Hubris {rF++ Str+4}
rPois   .          Reflect  .   i - +1 helmet
rElec   .          Harm     .   (no cloak)
rCorr   .          Rampage  .   (no gloves)
Will    .....                   (no boots)
Stlth   ++........              (no amulet)
HPRegen 0.07/turn               (no ring)
MPRegen 0.10/turn               (no ring)

@: heavily drained
A: no striking features
a: no special abilities


You were on level 4 of the Dungeon.
You visited 1 branch of the dungeon, and saw 4 of its levels.

You collected 172 gold pieces.

Inventory:

Hand Weapons
 a - a +0 shortbow (weapon)
Armour
 c - a +0 leather armour
 i - a +1 helmet (worn)
 n - the +1 leather armour of Hubris (worn) {rF++ Str+4}
   (You found it on level 2 of the Dungeon)

   Str:       It affects your strength (+4).
   rF:        It greatly protects you from fire.
Jewellery
 h - a ring of resist corrosion
Scrolls
 b - 2 scrolls of immolation
 e - a scroll of vulnerability {unknown}
 f - 3 scrolls of teleportation {unknown}
 g - a scroll of fear {unknown}
 j - 3 scrolls of blinking {unknown}
 l - a scroll of noise {unknown}
 o - a scroll of poison {unknown}
 p - 2 scrolls of identify {unknown}
Potions
 d - 4 potions of might {unknown}
 k - a potion of degeneration {unknown}
 m - a potion of mutation {unknown}
 q - a potion of magic {unknown}
 r - a potion of lignification {unknown}


   Skills:
 - Level 2.1 Fighting
 + Level 6.3 Ranged Weapons
 - Level 3.1 Dodging
 - Level 2.3 Stealth


You had 3 spell levels left.
You didn't know any spells.
Your spell library contained the following spells:

 Spells                   Type           Power      Damage    Failure   Level
 Apportation              Tloc           0%         N/A       36%         1
 Scorch                   Fire           0%         2d5       50%         2
 Summon Guardian Golem    Hex/Summ       0%         N/A       73%         3
 Flame Wave               Conj/Fire      0%         2d4       98%         4
 Alistair's Intoxication  Tmut/Pois      0%         N/A       100%        5
 Summon Cactus Giant      Summ           0%         N/A       100%        6
 Orb of Destruction       Conj           0%         9d5       100%        7
 Spellforged Servitor     Conj/Summ      0%         N/A       100%        7


Dungeon Overview and Level Annotations

Branches:
Dungeon (4/15)
 Temple: D:4-7

Altars:

Shops:
D:1 *   D:3 :

Annotations:
D:3 2 transporters
D:4 Edmund


Message History

Key pressed, stopping explore.
Key pressed, stopping explore.
Partly explored, unvisited transporter.
Partly explored, unvisited transporter.
Partly explored, unvisited transporter.
Partly explored, unvisited transporter.
(D) Dungeon
Where to? (Enter - D:3, ? - help)
What level of the Dungeon? (default 1, ? - help)
There is a stone staircase leading down here.
You climb downwards.
Found 7 gold pieces and a glowing sling.
Found a stone staircase leading down.
There is a stone staircase leading up here.
Edmund the Younger comes into view.
He is wielding a +0 flail of draining.
Edmund shouts!
You shoot an arrow. The arrow hits Edmund.
Edmund is lightly wounded.
You shoot an arrow. The arrow closely misses Edmund.
Edmund says, "People think my brother is the best.
I think he's crazy."
You shoot an arrow. The arrow hits Edmund!
Edmund is moderately wounded.
You shoot an arrow. The arrow hits Edmund!
Edmund is heavily wounded.
Edmund gestures with his flail.
Edmund attacks as you move away!
Edmund hits you with a +0 flail of draining.
You feel drained.
You shoot an arrow. The arrow hits Edmund!
Edmund is severely wounded.
Edmund hits you with a +0 flail of draining.
You feel drained.
Edmund hits you with a +0 flail of draining.
You feel drained.
You shoot an arrow. The arrow hits Edmund.
Edmund is severely wounded.
Edmund hits you with a +0 flail of draining!
* * * LOW HITPOINT WARNING * * *
You feel drained.
You die...

.....# ....#
...###...
#######)....#
#.>.....#
#.......#
#..$...##
#...@..#
#..@...#
#......#
#..<...#
########


You could see Edmund.

Vanquished Creatures
  2 adders
  An orc (D:3)
  7 bats
  7 endoplasms
  2 giant cockroaches
  4 goblins
  4 hobgoblins
  2 jackals (D:3)
  9 kobolds
  A quokka (D:1)
  A ball python (D:1)
  3 frilled lizards (D:1)
  7 rats
50 creatures vanquished.

Notes
Turn   | Place    | Note
-------+----------+-------------------------------------------
     0 | D:1      | Persephone the Deep Elf Hunter began the quest for the Orb.
     0 | D:1      | Reached XP level 1. HP: 12/12 MP: 3/3
    85 | D:1      | Reached XP level 2. HP: 17/17 MP: 4/4
   277 | D:1      | Found Fetefoseu's General Store.
   541 | D:1      | Reached XP level 3. HP: 19/21 MP: 5/5
   762 | D:2      | Identified the +5 dagger "Coewokh" {vorpal, rF+ Str-4
                  | Dex+4}
   855 | D:2      | Identified the +3 short sword of the Common Good {distort,
                  | Fly rN+ Will+ Str-5}
  1042 | D:2      | Identified the +1 leather armour of Hubris {rF++ Str+4}
  1175 | D:3      | Found a transporter.
  1325 | D:3      | Reached skill level 6 in Ranged Weapons
  1435 | D:3      | Found Toradon's Book Emporium.
  1542 | D:3      | Reached XP level 4. HP: 17/26 MP: 6/6
  1685 | D:3      | Found a transporter.
  2043 | D:4      | Noticed Edmund
  2053 | D:4      | Slain by Edmund

Illustrated notes

Levels and vault maps discovered:
D:1:      nzn_arrival_water_spiral, layout_basic, serial_shops, shop_statue
D:2:      layout_basic
D:3:      gammafunk_steamed_eel, layout_basic, serial_shops,
          nicolae_shop_behind_doors, grunt_ministairs_8, minmay_misc_feat_chi,
          dreamdust_princess_bridge, serial_park_tiny_1
D:4:      layout_rooms, mainiacjoe_overflow_tiny_flanked,
          minmay_temple_entry_glassed_door, serial_shops,
          nicolae_shop_temple_entry_statues_fountains, minmay_small_thing,
          uniq_robin, uniq_edmund, uniq_crazy_yiuf_cottage

Skill      XL: |  1  2  3 |
---------------+----------+-----
Stealth        | 2 |  2.3
Fighting       | 2 |  2.1
Dodging        | 3 |  3.1
Ranged Weapons | 6 |  6.3

Action                   |  1- 3 |  4- 6 || total
-------------------------+-------+-------++-------
 Fire: Shortbow          |   125 |     8 ||   133
Armor: Leather armour    |    17 |       ||    17
Dodge: Dodged            |    27 |       ||    27
